[Event "8th Brazilian Open SESC Caioba 2024"]
[Site "Caioba"]
[Date "2024.06.24"]
[Round "2.1"]
[White "Silva, Caio Henrique Angeli"]
[Black "Mekhitarian, Krikor Sevag"]
[Result "0-1"]
[ECO "E08"]
[WhiteElo "2094"]
[BlackElo "2554"]
[Annotator "TA"]
[PlyCount "150"]
[EventDate "2024.06.15"]
[EventCountry "BRA"]
[SourceTitle "playchess.com"]
[Source "ChessBase"]
[SourceQuality "1"]
[TimeControl "5400+30"]

1. d4 Nf6 2. Nf3 d5 3. c4 e6 4. g3 Bb4+ 5. Bd2 Be7 6. Qc2 O-O 7. Bg2 Nbd7 8. O-O Ne4 9. Bf4 c6 10. Nc3 g5 11. Bc1 f5 12. cxd5 exd5 13. Ne1 Bf6 14. e3 a5 15. b3 Re8 16. Bb2 Nf8 17. Nd3 Ng6 18. Qd1 Nd6 19. Rc1 f4 20. exf4 gxf4 21. Na4 Bf5 22. Nac5 Qe7 23. Qd2 (23. Qf3 $11) 23... Qg7 24. Ne5 $1 (24. Nxf4 Bg5 25. Rc3 Nxf4 26. gxf4 Bh4 $16) 24... fxg3 ({Black should play} 24... Ne4 $1 $17 25. Nxe4 dxe4 (25... Bxe5 26. dxe5 dxe4 27. Qc2 $16)) 25. hxg3 (25. fxg3 $5 Nxe5 26. dxe5 Bxe5 27. Nxb7 $11) 25... Nxe5 26. dxe5 Bxe5 27. Bxe5 Rxe5 28. Rfe1 Ne4 29. Nxe4 Bxe4 30. Bxe4 dxe4 31. Rc4 Rae8 32. Qe3 Qg4 33. Rc5 Qf5 34. Rxe5 Rxe5 35. Qd4 Re7 36. Qd8+ Kf7 37. Qd4 h5 38. Qc4+ Qd5 39. Qc1 Qf5 40. Qh6 Re6 41. Qh8 (41. Qe3 $11) 41... Re8 (41... Rf6 $1 $17 42. Re2 e3) 42. Qh6 $11 Re6 $2 (42... Rd8 $11) 43. Qh8 $17 Rf6 $1 44. Re2 Rd6 ({Better is} 44... e3 $1 $17 45. f4 Re6) 45. Qc3 (45. Re1 {with more complications.} Rd3 46. Rc1 Rd2 47. Rf1) 45... h4 46. Qc4+ Re6 47. gxh4 Qg4+ 48. Kf1 Qxh4 49. Re3 Qh1+ 50. Ke2 {[%emt 0:00:01] [#]} Qh5+ $1 51. Kd2 Qd5+ (51... Qf5 {feels hotter.} 52. Re2 Ke7 53. Kc2 Kd6) 52. Qxd5 cxd5 53. f3 Kf6 54. fxe4 Rxe4 55. Rh3 Ke5 56. Kd3 ({White should try} 56. Rh7 $11) 56... Kd6 57. Rh7 Re7 58. Rh4 Kc5 59. a3 Rg7 60. b4+ $2 (60. Kc2 $15) 60... axb4 $19 61. axb4+ Kb5 62. Rd4 {[%emt 0:01:12] [#]} Rc7 $1 63. Rg4 Ka4 64. Rf4 b5 65. Rd4 Rc8 66. Kd2 Rc4 67. Rxd5 Kxb4 68. Re5 Ka4 69. Re1 b4 70. Rb1 Ka3 71. Ra1+ Kb2 72. Ra8 Rd4+ 73. Ke3 Rd7 74. Rc8 b3 75. Rc6 Kb1 0-1

[Event "8th Brazilian Open SESC Caioba 2024"]
[Site "Caioba"]
[Date "2024.06.24"]
[Round "2.2"]
[White "Hernandez Guerrero, Gilberto"]
[Black "Almeida Junior, Alvaro Alves de"]
[Result "1-0"]
[ECO "B86"]
[WhiteElo "2506"]
[BlackElo "2129"]
[Annotator "TA"]
[PlyCount "99"]
[EventDate "2024.06.15"]
[EventCountry "BRA"]
[SourceTitle "playchess.com"]
[Source "ChessBase"]
[SourceQuality "1"]
[TimeControl "5400+30"]

1. e4 c5 2. Nf3 d6 3. d4 cxd4 4. Nxd4 Nf6 5. Nc3 a6 6. Bc4 e6 7. Bb3 Be7 8. f4 Qc7 9. f5 exf5 10. Nxf5 Bxf5 11. exf5 O-O {[%emt 0:07:39] White has an edge.} 12. O-O Nbd7 13. Kh1 b5 14. a3 Rac8 15. Bg5 Nc5 16. Ba2 Nce4 17. Bxf6 Nxf6 18. Qd3 Rfe8 (18... d5 {simplifies} 19. Nxd5 Nxd5 20. Bxd5 Qxc2 21. Qxc2 Rxc2 22. b4 Bg5) 19. Rae1 Qc5 20. Bb3 Bf8 21. Ne4 Nxe4 22. Rxe4 Rxe4 23. Qxe4 Rc7 {[%emt 0:03:33] Black is weak on the light squares} 24. g3 Qe5 25. Qxe5 dxe5 $11 {[%emt 0:00:06][%mdl 4096] Endgame. KRB-KRB} 26. Rd1 Be7 27. Kg2 Kf8 28. Kf3 Ke8 29. Ke4 f6 30. g4 Rd7 31. Bd5 {[%emt 0:00:30] Bc6 is the strong threat.} Kd8 32. Rd3 Bc5 33. b4 Bb6 (33... Bg1 $14) 34. Bb7 $1 $16 Rxd3 35. Kxd3 {[%emt 0:00:06] KB-KB} a5 36. Bc6 axb4 37. axb4 (37. Bxb5 bxa3 38. Bc4 Kc7 $19) 37... Bf2 38. Bxb5 Be1 {[%emt 0:00:08] This costs Black the game.} (38... Kc7 $16 39. c3 g6) 39. Kc4 $1 $18 Kc7 40. Kc5 Bf2+ 41. Kd5 Be1 $2 {[%emt 0:00:07] [#]} (41... e4 42. Ke6 (42. Kxe4 Be1 $16) 42... Be1) 42. Ke6 $1 Bxb4 {[%emt 0:01:40] [#]} (42... e4 $142 43. Kf7 Bxb4 44. Kxg7 Kb6) 43. Kf7 $1 Be1 44. Kxg7 Bh4 45. Kxh7 e4 46. Kg6 Kd6 47. Kh5 Bf2 48. g5 Ke7 49. g6 {[%emt 0:04:38] g7 would kill now.} Kf8 50. Kh6 {[%emt 0:00:09] Weighted Error Value: White=0.05 (flawless) /Black=0.43.  Mistake:       	---       	Black=4      Inaccurate:     	---       	Black=1      OK:         	White=7     	Black=9      Best:        	White=1     	---        Strong:       	White=4     	---} 1-0

[Event "8th Brazilian Open SESC Caioba 2024"]
[Site "Caioba"]
[Date "2024.06.24"]
[Round "2.3"]
[White "Cueto, Jonny"]
[Black "Barbosa, Evandro Amorim"]
[Result "1-0"]
[ECO "A45"]
[WhiteElo "2082"]
[BlackElo "2491"]
[Annotator "TA"]
[PlyCount "119"]
[EventDate "2024.06.15"]
[EventCountry "BRA"]
[SourceTitle "playchess.com"]
[Source "ChessBase"]
[SourceQuality "1"]
[TimeControl "5400+30"]

1. d4 Nf6 2. Bg5 Ne4 3. Bf4 c5 4. f3 Nf6 5. d5 Nh5 6. Be3 e5 (6... e6 $11) 7. g4 $14 {[%emt 0:04:11] Active counter play!} Nf4 8. Bf2 {[%emt 0:00:09] White is slightly better.} h5 9. e3 Ng6 10. gxh5 Rxh5 11. f4 {[%emt 0:00:13] Inhibits d6.} Rh8 12. f5 Nh4 13. e4 Qg5 (13... d6 $11) 14. Nc3 d6 15. Nf3 Nxf3+ 16. Qxf3 a6 17. h4 Qd8 18. O-O-O Nd7 19. Be2 b5 20. Rdg1 Qa5 21. Kb1 Nf6 22. h5 Bd7 23. Bh4 Rc8 (23... O-O-O $16 {was called for.}) 24. Bg5 $18 b4 25. Nd1 Bb5 (25... Be7 {is a better defense.} 26. Ne3 (26. h6 gxh6 27. Bxh6 Kd8 $16) 26... Bb5 27. Bxf6 Bxe2 28. Qxe2 Bxf6) 26. h6 Kd7 $2 (26... Qd8 27. c4 bxc3 28. Nxc3 Rxh6 29. Nxb5 (29. Bxb5+ axb5 30. Rxh6 gxh6 $18) 29... Rxh1 30. Rxh1 axb5 31. Bxb5+ Ke7) 27. Bxf6 gxf6 28. h7 Be7 29. Rg7 Rcf8 30. Ne3 Qc7 31. Bc4 {[%emt 0:08:38] Black is weak on the light squares} Qb8 32. Qh5 Qe8 33. Qe2 Kc7 34. Rh3 Qb8 35. Ng4 Kb6 36. a3 Qc7 37. Nh6 Bd8 38. axb4 cxb4 39. Bxb5 axb5 40. Rb3 Be7 41. Qe3+ (41. Rxf7 Rxf7 42. Rxb4 (42. Nxf7 Rxh7 43. Rxb4 Qc5 $15) 42... Qc5 43. Nxf7 Rxh7 $11) 41... Ka6 42. Rxb4 Rc8 43. Qa3+ Qa5 44. Rxf7 Bd8 45. Rd7 Bb6 46. c4 Qxa3 47. cxb5+ Ka5 48. bxa3 {[%emt 0:15:17][%cal Od7g7] Rg7! is the strong threat.} Rc3 49. Rb2 {[%emt 0:00:00] Hoping for Rg7.} (49. Rxd6 Rxh7 50. Rxf6 Rh3 $14) 49... Rh3 (49... Rc7 $142 50. Rxc7 (50. Rxd6 Rcxh7 51. Ng4 Rh1+ 52. Ka2 R1h4 $18) 50... Bxc7) 50. Ng4 $2 (50. Nf7 Ka4 51. Nxh8 Kxa3 52. Rc2 (52. Rxd6 Rh1+ 53. Kc2 Rh2+ 54. Kd3 Rxh7 $18)) 50... Bd4 51. Rh2 Rb3+ 52. Ka2 Rxb5 53. Rc7 (53. Rxd6 Rhb8 54. Rd7 (54. h8=R Rb2+ 55. Rxb2 Rxb2+ 56. Ka1 Rb6+ 57. Ka2 Rb2+ 58. Ka1 Rb3+ 59. Ka2 Rb2+ $11) (54. Nxf6 $2 Rb1) 54... Rb2+ 55. Rxb2 Rxb2+ 56. Ka1 Rb8+ 57. Ka2 Ka4 $11 (57... Rb2+ 58. Ka1 $11)) 53... Rhb8 {[%emt 0:00:16] [#]} 54. Rc4 $2 (54. h8=R Rb2+ 55. Rxb2 Rxb2+ 56. Ka1 Rb5+ (56... Rb8+ 57. Ka2 $11) 57. Ka2 (57. Rc3 $2 Bxc3+ 58. Ka2 Rb2+ 59. Ka1 Rb8+ 60. Ka2 Rxh8 $19) 57... Rb2+ 58. Ka1 Rb5+ (58... Rb8+ 59. Ka2 $11) 59. Ka2 (59. Rc3 $2 Bxc3+ 60. Ka2 Rb2+ 61. Ka1 Rb8+ 62. Ka2 Rxh8 $19) 59... Rb2+ $11) (54. Ra7+ $1 $18 Bxa7 55. h8=Q (55. h8=R Bg1 $18) 55... Rb2+ 56. Rxb2 Rxh8 57. Rh2 (57. Nxf6 Bd4 $18)) 54... Rb1 $2 {[%emt 0:01:05][%mdl 8192] [#]} (54... Rb2+ $11 55. Rxb2 Rxb2+ 56. Ka1 Rb8+ 57. Ka2 (57. Rxd4 exd4 58. Ka2 d3 $17) 57... Rb2+ 58. Ka1 Rb8+ 59. Ka2 (59. Rxd4 exd4 60. Ka2 d3 $19) 59... Rb2+) 55. Rxd4 $1 exd4 56. Nxf6 {[%emt 0:00:00] Threatens to win with Nd7.} (56. h8=B R1b3 57. Rd2 (57. Nxf6 Ka4 58. Ka1 d3 59. Ng4 Rxa3+ 60. Ra2 Rxh8 61. Nf2 d2 62. Kb1 Rb8+ 63. Rb2 Rab3 64. Kc2 Rxb2+ 65. Kd3 R8b3+ 66. Ke2 d1=R+ 67. Kxd1 Rxf2 68. Kc1 Rh3 69. Kd1 Rh1#) 57... Rg3 $14) (56. h8=N $2 d3 57. Ng6 (57. Nxf6 $2 Re1 $19) 57... Ka4 $19) 56... d3 57. Ng8 $2 (57. h8=N $2 {too greedy.} Rc1 58. Nd7 Rc2+ 59. Rxc2 dxc2 60. Nxb8 c1=Q $19 (60... c1=R $2 61. Nf7 $18)) (57. h8=B Rg1 $11) (57. Ne8 d2 58. Rxd2 (58. h8=R $2 R8b2#) (58. h8=Q d1=Q $11)) 57... d2 58. Rxd2 (58. h8=R $2 R8b2#) (58. h8=Q R1b2+ 59. Qxb2 Rxb2+ (59... d1=R 60. Qxb8 Rg1 61. Rb2) 60. Kxb2 d1=Q $19) 58... Rh1 59. Ne7 (59. Nf6 $18) 59... Rbb1 $2 {[%emt 0:00:59][%mdl 8192] [#]} (59... Re8 $16 60. Nc6+ Kb6) 60. h8=Q $1 {[%emt 0:00:43] Weighted Error Value: White=0.80/Black=0.29 (precise) .  Loses game:     	---       	Black=2      Missed win:     	White=1     	---        Mistake:       	White=2     	Black=6      Inaccurate:     	White=2     	Black=3      OK:         	White=18    	Black=10     Best:        	White=2     	Black=3      Brilliant:      	White=2     	---} 1-0

[Event "8th Brazilian Open SESC Caioba 2024"]
[Site "Caioba"]
[Date "2024.06.24"]
[Round "2.4"]
[White "Delgado Ramirez, Neuris"]
[Black "Lage, Pedro Ferreira"]
[Result "1/2-1/2"]
[ECO "D10"]
[WhiteElo "2487"]
[BlackElo "2077"]
[Annotator "TA"]
[PlyCount "108"]
[EventDate "2024.06.15"]
[EventCountry "BRA"]
[SourceTitle "playchess.com"]
[Source "ChessBase"]
[SourceQuality "1"]
[TimeControl "5400+30"]

1. d4 d5 2. c4 c6 3. Nc3 Nf6 4. cxd5 cxd5 5. f3 Nc6 6. e4 e6 7. e5 Nd7 8. f4 Be7 9. Nf3 O-O 10. Bd3 Qb6 11. h4 f5 12. Na4 Qa5+ 13. Bd2 Nb4 14. Be2 Nb6 $2 (14... Qc7 $16 {was called for.}) 15. Nc3 $2 ({White must play} 15. Nc5 $1 $18) 15... Nc4 $11 16. Bc1 Bd7 17. Kf1 (17. a3 {keeps more tension.} b5 18. b3 Na2 19. Rxa2 Qxc3+ 20. Kf2) 17... Rac8 18. Rh3 b5 19. Nd2 Nc6 20. Nxc4 (20. Nb3 $15 Qb6 21. h5) 20... bxc4 $17 21. Be3 Rb8 22. Rb1 (22. Qd2 $142) 22... Rb7 ({Black should play} 22... Bb4 $1 $17 23. Bf2 Bxc3 24. Rxc3 Rxb2 (24... Qxa2 $2 25. Ra3 $18) 25. Rxb2 Qxc3) 23. g4 (23. Bf2 $1 $15) 23... Rfb8 ({Black should try} 23... fxg4 $19 24. Bxg4 Nb4) 24. Bf2 $2 (24. gxf5 $1 $15 Bb4 (24... exf5 25. Qc1 $17) (24... Rxb2 25. Rxb2 Rxb2 26. Bc1 $11) 25. Rc1 Bxc3 (25... exf5 26. Nxd5 Be6 27. Nxb4 $14) 26. bxc3) 24... Rxb2 25. Rxb2 Rxb2 26. gxf5 exf5 27. Qc1 Ba3 28. Nxd5 (28. Qe3 {might work better.}) 28... Rxe2 $2 (28... Rxa2 $2 29. Nf6+ (29. Qxc4 Ra1+ 30. Kg2 Kf8 $18) 29... Kh8 (29... gxf6 $2 30. Qxc4+ Kf8 31. Qxa2 $18) 30. Qxc4 (30. Rxa3 $2 Rxa3 31. Qxc4 Ra1+ 32. Kg2 gxf6 $19) 30... Ra1+ 31. Kg2 gxf6 32. Qf7 $18) (28... Qxd5 $2 29. Bxc4 Kf8 30. Bxd5 $18) (28... Be6 $19 29. Nc7 Rxe2 (29... Qxc7 $2 30. Rxa3 Qb7 31. Qe3 $19) (29... Rxa2 $2 30. Be1 $19) 30. Qxa3 (30. Rxa3 $2 Rxf2+ 31. Kxf2 Qxc7 $19) 30... Rxf2+ (30... Qxc7 $2 31. Kxe2 Qd7 32. Qd6 $18) 31. Kxf2 Qxc7) 29. Nf6+ (29. Rxa3 Rxf2+ (29... Qxd5 30. Kxe2 h6 31. Rg3 $11) 30. Kxf2 Qxd5 $19) (29. Qxc4 $17 Rxf2+ 30. Kxf2) 29... gxf6 $19 30. Qxc4+ (30. Rxa3 $2 Rxf2+ (30... Rxa2 $2 31. Qxc4+ Kg7 32. Rxa5 $18) 31. Kxf2 Qd5 $19) 30... Kf8 $1 31. Qxe2 {[%emt 0:00:06] [#]} Nxd4 ({Better is} 31... Be7 $1 $19 {[%cal Oc6e5][%mdl 512] Hoping for ...Nxe5!} 32. Kg1 (32. Qc2 Nb4) 32... Qd5) 32. Rxa3 $1 $11 (32. Bxd4 $2 Bb5 33. Rd3 Qa6 $19) 32... Qxa3 33. Bxd4 Qc1+ 34. Kg2 Qxf4 35. exf6 Bc6+ ({Worse is} 35... Qxd4 36. Qe7+ Kg8 37. Qg7#) 36. Kh3 Qe4 ({Not} 36... Qxd4 37. Qe7+ Kg8 38. Qg7#) 37. Qxe4 fxe4 38. Bxa7 Kf7 39. Bd4 $1 e3 40. Kg3 (40. Bxe3 Bd7+ 41. Kg3 Kxf6 $11) 40... e2 41. Kf2 Bb5 42. Bc3 Ke6 43. h5 Kf7 44. h6 Ke6 45. a3 Kf7 46. Ke3 e1=Q+ 47. Bxe1 Kxf6 48. Kd4 Ke6 49. Kc5 Ba4 50. Kb4 Bd1 51. a4 Kd6 52. Kb5 Kc7 $1 53. a5 Kb7 {[%emt 0:00:09] [#]} (53... Be2+ $14 54. Ka4 Bf1) 54. a6+ $1 $16 Ka8 1/2-1/2

[Event "8th Brazilian Open SESC Caioba 2024"]
[Site "Caioba"]
[Date "2024.06.24"]
[Round "2.6"]
[White "Di Berardino, Diego Rafael"]
[Black "Dos Santos Junior, Haroldo Cunha"]
[Result "1-0"]
[ECO "D35"]
[WhiteElo "2473"]
[BlackElo "2052"]
[Annotator "TA"]
[PlyCount "95"]
[EventDate "2024.06.15"]
[EventCountry "BRA"]
[SourceTitle "playchess.com"]
[Source "ChessBase"]
[SourceQuality "1"]
[TimeControl "5400+30"]

1. d4 d5 2. c4 e6 3. Nc3 Nf6 4. cxd5 exd5 5. Bg5 Be7 6. e3 h6 7. Bh4 O-O 8. Bd3 c5 9. dxc5 Nbd7 10. Nge2 Nxc5 11. O-O {[%emt 0:01:25] White is slightly better.} Bg4 12. h3 Be6 13. Nf4 g5 14. Nxe6 Nxe6 (14... fxe6 $14 15. Bg3 Bd6) 15. Bg3 $16 Bd6 16. Bxd6 Qxd6 17. Qf3 Qe5 18. Rad1 Rad8 19. Rfe1 Rfe8 20. Kh1 Kg7 21. Ne2 Ne4 22. Bb5 Re7 23. Nd4 Nd6 {[%emt 0:12:38] Against Nf5+} (23... Nxd4 $15 24. exd4 Qc7) 24. Nxe6+ $11 fxe6 25. Qe2 Rc7 26. Bd3 Ne4 (26... Rf8 {keeps more tension.} 27. f4 gxf4 28. Qg4+ Qg5) 27. Bxe4 (27. f4 $5 Qf5 (27... gxf4 28. Qg4+ Kf7 29. Rf1 $16) (27... Ng3+ $2 28. Kh2 $18) 28. Kg1 $16) 27... Qxe4 28. Rd4 Qc2 29. Rd2 Qc4 30. Qf3 Qb4 31. Red1 Rdc8 32. a3 Qf8 33. Qg4 Qf6 34. Qb4 b6 35. Qa4 Qf7 36. e4 Rc4 37. Qa6 d4 38. e5 (38. Rxd4 $2 {perishes.} Rxd4 39. Rg1 (39. Rxd4 {gets mated.} Rc1+) 39... Rc2 $19) 38... R8c7 39. b3 Rc1 40. Qe2 Qf4 41. g3 Qf5 42. Rxd4 Rxd1+ 43. Rxd1 Qxh3+ {[%emt 0:00:59] KQR-KQR} 44. Kg1 Qf5 45. Rd3 Kg6 46. Kg2 {[%emt 0:00:28] Threatens to win with Rf3.} Rc5 47. Re3 Rc2 $2 {[%emt 0:02:19][%mdl 8192] [#]} (47... h5 $11) 48. g4 $1 {[%emt 0:01:15] Weighted Error Value: White=0.09 (flawless) /Black=0.11 (very precise) .  Loses game:     	---       	Black=1      Mistake:       	---       	Black=2      Inaccurate:     	White=5     	Black=2      OK:         	White=17    	Black=15     Best:        	White=2     	Black=1      Strong:       	White=1     	---} 1-0

[Event "8th Brazilian Open SESC Caioba 2024"]
[Site "Caioba"]
[Date "2024.06.24"]
[Round "2.7"]
[White "Iurk, Jonel Nazareno"]
[Black "Santiago, Yago De Moura"]
[Result "0-1"]
[ECO "A81"]
[WhiteElo "2044"]
[BlackElo "2462"]
[Annotator "TA"]
[PlyCount "110"]
[EventDate "2024.06.15"]
[EventCountry "BRA"]
[SourceTitle "playchess.com"]
[Source "ChessBase"]
[SourceQuality "1"]
[TimeControl "5400+30"]

1. d4 e6 2. Nf3 f5 3. g3 Nf6 4. Bg2 d5 5. O-O Ne4 6. c4 {[%emt 0:00:00] A81: Dutch Defence: 2 g3.} Be7 7. Nc3 c6 8. Ne5 Nd7 9. Nxd7 Bxd7 10. Nxe4 dxe4 11. f3 $146 ({Predecessor:} 11. Bf4 O-O 12. c5 b6 13. b4 Be8 14. f3 Bg6 15. fxe4 fxe4 16. e3 Qd5 17. Qc2 {1-0 Parkhov,Y (2470)-Torngren,G (2275) Rilton Cup 50th 2022 (1)}) 11... exf3 12. Bxf3 O-O 13. Qb3 Qc8 (13... Qb6 $11) 14. Bf4 $14 Bf6 15. e3 Re8 16. Rad1 (16. c5 $16) 16... e5 $11 17. dxe5 Bxe5 18. Rd2 Bf6 19. Rfd1 Be6 20. Qc2 g5 21. Bd6 Bf7 22. e4 Bg6 23. exf5 Bxf5 24. Qb3 g4 25. Bg2 Bg5 26. Bf4 $1 Bxf4 27. gxf4 Qc7 28. c5+ Qf7 29. Qxf7+ Kxf7 30. Kf2 h5 31. Bf1 Re4 32. Rd4 ({White should play} 32. Kg3 $15) 32... Rae8 $17 33. Bc4+ Kg7 ({Black should try} 33... Kf6 $17 34. b4 h4) 34. Kg3 $1 $11 Re3+ 35. Kh4 Kh6 (35... Kf6 $11 36. Rd6+ Be6) 36. Rd6+ $16 R8e6 $1 37. Rxe6+ (37. R1d3 $1 $14 Rxd6 38. Rxd6+ Bg6 39. Bf1) 37... Bxe6 $11 38. Rd3 Rxd3 39. Bxd3 Bxa2 40. h3 $2 (40. Bf5 $1 $11) 40... gxh3 $19 41. Kxh3 Bd5 $2 (41... b6 $1 $19 42. cxb6 axb6) 42. Kh4 {[%emt 0:00:08] [#]} b6 $1 43. cxb6 axb6 44. Be2 Bf7 45. Bd3 $2 (45. b4 $17 {keeps fighting.}) 45... c5 $19 46. f5 $2 (46. Bb5 Kg6 47. Bd7) 46... c4 $19 47. Be2 b5 48. Bd1 b4 49. Be2 c3 50. bxc3 {[%emt 0:00:02] [#]} bxc3 $2 (50... b3 $1 $19 {is more deadly.} 51. Bd3 b2) 51. Bd1 $17 Bd5 52. Bc2 Bc4 53. Be4 Bb3 54. f6 Bd5 55. Bc2 (55. Bxd5 c2 56. f7 Kg7 (56... c1=B 57. f8=Q+ Kh7 58. Be4#) 57. Kxh5 c1=Q (57... c1=B 58. f8=R $11) 58. Kg4 Qf1 59. Be6 Qf2 60. Bb3 Qd4+ 61. Kh5 Qe3 62. Bd5 Qe5+ 63. Kg4 Qxd5 64. f8=R Kxf8 65. Kh3 Qg8 66. Kh2 Ke7 67. Kh1 Ke6 68. Kh2 Kf5 69. Kh1 Kf4 70. Kh2 Kf3 71. Kh3 Qh8#) 55... Bf7 0-1

[Event "8th Brazilian Open SESC Caioba 2024"]
[Site "Caioba"]
[Date "2024.06.24"]
[Round "2.9"]
[White "Kayser, Gustavo Warmling"]
[Black "Acosta, Pablo Ismael"]
[Result "0-1"]
[ECO "B38"]
[WhiteElo "2027"]
[BlackElo "2449"]
[Annotator "RC"]
[PlyCount "156"]
[EventDate "2024.06.15"]
[EventCountry "BRA"]
[SourceTitle "playchess.com"]
[Source "ChessBase"]
[SourceQuality "1"]
[TimeControl "5400+30"]

1. e4 c5 2. Nf3 a6 3. c4 g6 4. d4 cxd4 5. Nxd4 Bg7 6. Nc3 Nc6 7. Be3 d6 8. Be2 Nf6 9. O-O O-O 10. Rc1 Bd7 11. Qd2 Ng4 12. Bxg4 Bxg4 13. Nxc6 bxc6 14. Bd4 Be6 15. Bxg7 Kxg7 16. Qd4+ f6 17. c5 Rb8 18. b3 a5 19. cxd6 Qxd6 20. Rfd1 Rfd8 21. Qe3 Qa3 22. h3 Qb4 23. Na4 Rxd1+ 24. Rxd1 Rb5 25. Rc1 Qd6 26. Nc5 Bf7 27. Qc3 h5 28. Na4 Be8 29. Rc2 Qd1+ 30. Kh2 h4 31. Qd2 Qxd2 32. Rxd2 Rb4 33. f3 Rb5 34. Rc2 Kf7 35. Rc4 e5 36. Nc3 Rb8 37. Rc5 Ra8 38. Kg1 Ke7 39. Kf2 Kd6 40. Na4 Bd7 41. Ke3 f5 42. Rc2 Rf8 43. Rd2+ Kc7 44. Nc5 Bc8 45. Nd3 Re8 46. Rc2 Ba6 47. Nc5 Bc8 48. Nd3 Kb6 49. Rc3 Ba6 50. a3 f4+ 51. Kd2 Bb5 52. Kc2 Re7 53. Kc1 Kc7 54. Kc2 Kd6 55. a4 Ba6 56. Kc1 Rc7 57. Kd1 c5 58. Nb2 Rb7 59. Nd3 c4 60. bxc4 Rb1+ 61. Kd2 Rg1 62. c5+ Kc7 63. Nxe5 Rxg2+ 64. Kc1 Bc8 65. Rd3 Bxh3 66. Rd6 Bc8 67. Rc6+ Kb8 68. Rb6+ Kc7 69. Rc6+ Kb7 70. Rb6+ Ka8 71. Nc6 Bb7 72. Nxa5 h3 73. c6 Bc8 74. c7 h2 75. Rb8+ Ka7 76. Nc6+ Ka6 77. Nb4+ Ka5 78. Nc6+ Kxa4 0-1

[Event "8th Brazilian Open SESC Caioba 2024"]
[Site "Caioba"]
[Date "2024.06.24"]
[Round "2.10"]
[White "Cubas, Jose Fernando"]
[Black "Nunes Jr, Sidney"]
[Result "1-0"]
[ECO "B36"]
[WhiteElo "2417"]
[BlackElo "2028"]
[Annotator "RC"]
[PlyCount "69"]
[EventDate "2024.06.15"]
[EventCountry "BRA"]
[SourceTitle "playchess.com"]
[Source "ChessBase"]
[SourceQuality "1"]
[TimeControl "5400+30"]

1. e4 c5 2. Nf3 Nc6 3. d4 cxd4 4. Nxd4 g6 5. c4 Nf6 6. Nc3 Nxd4 7. Qxd4 d6 8. Be2 Bg7 9. Be3 O-O 10. Qd2 Bd7 11. O-O a6 12. f3 Bc6 13. b4 b6 14. Rab1 Nd7 15. Rfc1 a5 16. a3 axb4 17. axb4 Ra3 18. Bd4 f5 19. Bxg7 Kxg7 20. Nb5 Bxb5 21. Qb2+ Rf6 22. Qxa3 Bc6 23. exf5 gxf5 24. Qa7 Ne5 25. c5 dxc5 26. Rd1 Qe8 27. b5 Ba8 28. Ra1 Rf8 29. Qxb6 Qh5 30. Qxc5 f4 31. Qxe7+ Rf7 32. Qe8 Bb7 33. Rd8 Kh6 34. Rad1 Bxf3 35. R1d6+ 1-0

[Event "8th Brazilian Open SESC Caioba 2024"]
[Site "Caioba"]
[Date "2024.06.24"]
[Round "2.11"]
[White "De Souza, Felipe Guimaraes"]
[Black "Sunye Neto, Jaime"]
[Result "0-1"]
[ECO "B40"]
[WhiteElo "2022"]
[BlackElo "2398"]
[Annotator "RC"]
[PlyCount "49"]
[EventDate "2024.06.15"]
[EventCountry "BRA"]
[SourceTitle "playchess.com"]
[Source "ChessBase"]
[SourceQuality "1"]
[TimeControl "5400+30"]

1. e4 c5 2. Nf3 e6 3. b3 a6 4. Bb2 Nc6 5. c4 Nf6 6. e5 Ng4 7. g3 Nh6 8. Bd3 d5 9. exd6 f6 10. Nc3 Bxd6 11. Qe2 O-O 12. O-O-O f5 13. h3 e5 14. Bb1 e4 15. Ng1 Nd4 16. Qe3 Re8 17. Nge2 Be5 18. d3 f4 19. Nxf4 Nhf5 20. Qxe4 Bxf4+ 21. Qxf4 g5 22. Qg4 Ng7 23. Qe4 Ngf5 24. Qe3 Nf3 25. Qd2 0-1

[Event "8th Brazilian Open SESC Caioba 2024"]
[Site "Caioba"]
[Date "2024.06.24"]
[Round "2.12"]
[White "Rodriguez Vila, Andres"]
[Black "De Andrade, Osvaldo Cezar G."]
[Result "1-0"]
[ECO "C54"]
[WhiteElo "2396"]
[BlackElo "2026"]
[Annotator "RC"]
[PlyCount "111"]
[EventDate "2024.06.15"]
[EventCountry "BRA"]
[SourceTitle "playchess.com"]
[Source "ChessBase"]
[SourceQuality "1"]
[TimeControl "5400+30"]

1. e4 e5 2. Bc4 Nf6 3. d3 Nc6 4. Nf3 Bc5 5. O-O d6 6. c3 Bb6 7. a4 a6 8. Re1 h6 9. Nbd2 Ne7 10. a5 Ba7 11. Nf1 Ng6 12. d4 O-O 13. Ng3 Bg4 14. d5 Nh5 15. h3 Bxf3 16. Qxf3 Nxg3 17. Qxg3 Qh4 18. Be3 Qxg3 19. fxg3 Bxe3+ 20. Rxe3 f5 21. exf5 Rxf5 22. Bd3 Rf6 23. Re4 Ne7 24. Rb4 Ra7 25. Be4 c6 26. c4 c5 27. Rb6 Nc8 28. Rb3 g6 29. Bf3 Ne7 30. Bg4 Nf5 31. Rf1 Kg7 32. Rbf3 Ra8 33. Bxf5 gxf5 34. Rxf5 Rxf5 35. Rxf5 b5 36. axb6 Rb8 37. Rf3 Rxb6 38. b3 Rb4 39. Kf2 a5 40. g4 a4 41. bxa4 Rxa4 42. Rc3 Kf6 43. Kf3 Ra1 44. h4 Rf1+ 45. Ke2 Rg1 46. Kf2 Rd1 47. Rf3+ Kg6 48. h5+ Kg7 49. Rb3 Rd4 50. Rb7+ Kf6 51. Rd7 Rxc4 52. Rxd6+ Kg5 53. Rg6+ Kf4 54. g5 Rc2+ 55. Kg1 hxg5 56. h6 1-0

[Event "8th Brazilian Open SESC Caioba 2024"]
[Site "Caioba"]
[Date "2024.06.24"]
[Round "2.13"]
[White "Souza dos Santos, Matheus Garcett"]
[Black "Schnaider, Ilan"]
[Result "0-1"]
[ECO "B90"]
[WhiteElo "2014"]
[BlackElo "2395"]
[Annotator "RC"]
[PlyCount "84"]
[EventDate "2024.06.15"]
[EventCountry "BRA"]
[SourceTitle "playchess.com"]
[Source "ChessBase"]
[SourceQuality "1"]
[TimeControl "5400+30"]

1. e4 c5 2. Nf3 d6 3. d4 cxd4 4. Nxd4 Nf6 5. Nc3 a6 6. Nb3 e6 7. g4 b5 8. Bg2 Bb7 9. a3 Nfd7 10. Be3 Nc6 11. Qe2 Rc8 12. f4 Nb6 13. O-O-O Qc7 14. Kb1 Nc4 15. Bc1 Be7 16. g5 N6a5 17. Rd3 Qb6 18. Na2 Nc6 19. f5 N6e5 20. Rg3 exf5 21. exf5 Bxg2 22. Rxg2 Qb7 23. Rf1 g6 24. f6 Bd8 25. Bf4 Bb6 26. Nb4 a5 27. Bxe5 dxe5 28. Nd3 Ne3 29. Nxe5 O-O 30. Rg3 Nxf1 31. Qxf1 Bc7 32. Re3 Rfe8 33. Qe2 Bxe5 34. Rxe5 Rxe5 35. Qxe5 Qh1+ 36. Ka2 Qc6 37. Nxa5 Qxc2 38. Qxb5 Qf5 39. Qb7 Rd8 40. Nc6 Qe6+ 41. Kb1 Qe4+ 42. Kc1 Qc4+ 0-1

[Event "8th Brazilian Open SESC Caioba 2024"]
[Site "Caioba"]
[Date "2024.06.24"]
[Round "2.14"]
[White "Perdomo, Leandro"]
[Black "Pontes, Israel Fillip da Sil"]
[Result "1/2-1/2"]
[ECO "D37"]
[WhiteElo "2391"]
[BlackElo "2019"]
[Annotator "RC"]
[PlyCount "68"]
[EventDate "2024.06.15"]
[EventCountry "BRA"]
[SourceTitle "playchess.com"]
[Source "ChessBase"]
[SourceQuality "1"]
[TimeControl "5400+30"]

1. d4 d5 2. c4 e6 3. Nc3 a6 4. cxd5 exd5 5. Nf3 Nf6 6. Bg5 Be6 7. e3 Bd6 8. Bd3 Nbd7 9. O-O O-O 10. h3 Re8 11. Rc1 c6 12. Bf4 Qc7 13. Bxd6 Qxd6 14. Qc2 g6 15. Na4 Ne4 16. Nc5 Nexc5 17. dxc5 Qe7 18. Qc3 Qf6 19. Qxf6 Nxf6 20. Nd4 Kg7 21. b4 Bd7 22. a4 Rec8 23. Rc2 Kf8 24. f3 Re8 25. Kf2 Re7 26. g4 Ne8 27. Rc3 Nc7 28. f4 Ne6 29. Nf3 Rae8 30. f5 Nc7 31. Re1 gxf5 32. gxf5 Kg7 33. Nd4 Kf6 34. Bb1 Rg8 1/2-1/2